 Dungeon Crawl Stone Soup version 0.23.2-1-ga50397a (webtiles) character file.

Game seed: 12941493333230424517

74 Lickle the Shield-Bearer (level 4, 41/41 HPs)
             Began as a Gnoll Fighter on Apr 29, 2019.
             Got out of the dungeon alive.
             The game lasted 00:02:50 (1284 turns).

Lickle the Shield-Bearer (Gnoll Fighter)            Turns: 1284, Time: 00:02:51

Health: 41/41      AC:  5    Str: 19    XL:     4   Next: 30%
Magic:  5/5        EV:  8    Int: 11    God:
Gold:   106        SH: 10    Dex: 14    Spells: 5/5 levels left

rFire    . . .     SeeInvis .   a - +0 war axe
rCold    . . .     Gourm    .   c - +0 shield
rNeg     . . .     Faith    .   b - +0 scale mail
rPois    .         Spirit   .   (no helmet)
rElec    .         Reflect  .   (no cloak)
rCorr    .         Harm     .   l - +0 pair of gloves
MR       .....                  (no boots)
Stlth    ..........             (no amulet)
HPRegen  0.13/turn              k - -4 ring of protection (curse)
MPRegen  0.09/turn              (no ring)

@: no status effects
A: distributed training, fangs 1, strong nose
a: no special abilities


You escaped.
You were not hungry.

You visited 1 branch of the dungeon, and saw 2 of its levels.

You collected 106 gold pieces.

Inventory:

Hand Weapons
 a - a +0 war axe (weapon)
Armour
 b - a +0 scale mail (worn)
 c - a +0 shield (worn)
 l - a +0 pair of gloves (worn)
Jewellery
 k - a cursed -4 ring of protection (left hand)
Wands
 h - a wand of clouds (3)
Scrolls
 e - 2 scrolls of magic mapping
Potions
 d - a potion of might
Comestibles
 f - 4 rations


   Skills:
 + Level 6.6 Fighting
 + Level 1.0 Short Blades
 + Level 1.0 Long Blades
 + Level 4.6 Axes
 + Level 1.0 Maces & Flails
 + Level 1.0 Polearms
 + Level 1.0 Staves
 + Level 1.0 Slings
 + Level 1.0 Bows
 + Level 1.0 Crossbows
 + Level 1.0 Throwing
 + Level 6.6 Armour
 + Level 1.0 Dodging
 + Level 1.0 Stealth
 + Level 6.6 Shields
 + Level 1.0 Unarmed Combat
 + Level 1.0 Spellcasting
 + Level 0.8 Conjurations
 + Level 0.8 Hexes
 + Level 0.8 Charms
 + Level 0.8 Summonings
 + Level 0.8 Necromancy
 + Level 0.8 Translocations
 + Level 0.8 Transmutations
 + Level 0.8 Fire Magic
 + Level 0.8 Ice Magic
 + Level 0.8 Air Magic
 + Level 0.8 Earth Magic
 + Level 0.8 Poison Magic
 + Level 1.1 Invocations
 + Level 1.0 Evocations


You had 5 spell levels left.
You didn't know any spells.
Your spell library was empty.

Dungeon Overview and Level Annotations

Branches:
Dungeon (2/15)

Altars:


Innate Abilities, Weirdness & Mutations

Your experience applies equally to all skills.
You have very sharp teeth.
Your uncanny sense of smell can sniff out nearby items.


Message History

No target in view!
No target in view!
(D) Dungeon
Where to? (Enter - D:1 @ (x,y), ? - help) HP restored.
You see here a ring mail.
You feel a little less agile now.
Unknown command.
(D) Dungeon
Where to? (Enter - D:1 @ (x,y), ? - help)
There is a stone staircase leading up here.
You climb upwards.
There is a stone staircase leading down here.
There is an empty arch of ancient stone here.
There is a staircase leading out of the dungeon here.
You can't go down here!
Are you sure you want to leave the Dungeon?
This will make you lose the game!
Uppercase [Y]es or [N]o only, please.
Are you sure you want to leave the Dungeon?
This will make you lose the game!
You have escaped!

.####...#.###...≈...#
.........## #.⌠.≈.⌠.#
.######.#####...≈...#####
..)..##.....#.♣.≈.♣.#...#
.###.######.#...≈...###.#
.###.## ##.#.⌠.≈.⌠.# #.#
.##...####..#...≈...# #.#
.#.#.#.##...###...### #.#
..##.##.#.....##@## #.#
###
...........)...########.#
#..
#.##.##.#...............#
#..
##.#.#.##.....###.#######
#.# ##...#####.### #....#
#.# ##.## #.# ####.# #.#
#.# ##.# ######.# #.#
#.#####..# #......# #..
#.....#.## #.###### #..


There were no monsters in sight!

Vanquished Creatures
  Terence (D:2)
  An adder (D:2)
  An ooze (D:2)
  2 dart slugs
  2 leopard geckos
  An orc (D:2)
  2 giant cockroaches (D:2)
  2 goblins
  3 hobgoblins
  2 jackals (D:1)
  5 kobolds
  3 bats
  A frilled lizard (D:2)
  4 rats
30 creatures vanquished.

Notes
Turn   | Place    | Note
-------+----------+-------------------------------------------
     0 | D:1      | Lickle the Gnoll Fighter began the quest for the Orb.
     0 | D:1      | Reached XP level 1. HP: 23/23 MP: 1/1
   155 | D:1      | Reached XP level 2. HP: 29/29 MP: 2/2
   702 | D:2      | Noticed Terence
   716 | D:2      | Killed Terence
   716 | D:2      | Reached skill level 1 in Invocations
   716 | D:2      | Reached XP level 3. HP: 35/35 MP: 2/4
   729 | D:2      | Reached skill level 1 in Short Blades
   729 | D:2      | Reached skill level 1 in Long Blades
   729 | D:2      | Reached skill level 1 in Maces & Flails
   729 | D:2      | Reached skill level 1 in Polearms
   729 | D:2      | Reached skill level 1 in Staves
   729 | D:2      | Reached skill level 1 in Slings
   729 | D:2      | Reached skill level 1 in Bows
   729 | D:2      | Reached skill level 1 in Crossbows
   729 | D:2      | Reached skill level 1 in Throwing
   729 | D:2      | Reached skill level 1 in Dodging
   729 | D:2      | Reached skill level 1 in Stealth
   729 | D:2      | Reached skill level 1 in Unarmed Combat
   729 | D:2      | Reached skill level 1 in Spellcasting
   729 | D:2      | Reached skill level 1 in Evocations
   741 | D:2      | Reached XP level 4. HP: 26/41 MP: 5/5
  1284 | D:$      | Got out of the dungeon alive.

Skill      XL: |  1  2  3 |
---------------+----------+-----
Invocations    | 1 |  1.1
Short Blades   | 1 |  1.0
Long Blades    | 1 |  1.0
Maces & Flails | 1 |  1.0
Polearms       | 1 |  1.0
Staves         | 1 |  1.0
Slings         | 1 |  1.0
Bows           | 1 |  1.0
Crossbows      | 1 |  1.0
Throwing       | 1 |  1.0
Dodging        | 1 |  1.0
Stealth        | 1 |  1.0
Unarmed Combat | 1 |  1.0
Spellcasting   | 1 |  1.0
Evocations     | 1 |  1.0
Fighting       | |  6.6
Axes           | |  4.6
Armour         | |  6.6
Shields        | |  6.6
Conjurations   | |  0.8
Hexes          | |  0.8
Charms         | |  0.8
Summonings     | |  0.8
Necromancy     | |  0.8
Translocations | |  0.8
Transmutations | |  0.8
Fire Magic     | |  0.8
Ice Magic      | |  0.8
Air Magic      | |  0.8
Earth Magic    | |  0.8
Poison Magic   | |  0.8

Action                   |  1- 3 |  4- 6 || total
-------------------------+-------+-------++-------
Melee: War axe           |    79 |    25 ||   104
       Bite              |    11 |     5 ||    16
  Use: Scroll            |     4 |     1 ||     5
       Potion            |       |     1 ||     1
  Eat: Chunk             |       |     1 ||     1
Armor: Scale mail        |    37 |    10 ||    47
Dodge: Dodged            |    23 |     5 ||    28
Block: Shield            |    56 |    10 ||    66
